 Dungeon Crawl Stone Soup version 0.25.1-2-g60ff931df9 (webtiles) character file.

Game seed: 17277588681462701581

788 Delamore the Basher (level 7, -3/41 HPs)
             Began as a Gargoyle Fighter on Aug 5, 2020.
             Slain by an ogre
             ... wielding a +0 giant spiked club
              (25 damage)
             ... on level 5 of the Dungeon.
             The game lasted 00:03:32 (4380 turns).

Delamore the Basher (Gargoyle Fighter)              Turns: 4380, Time: 00:03:33

Health: -3/41      AC: 15    Str: 22    XL:     7   Next: 87%
Magic:  7/7        EV:  5    Int:  8    God:
Gold:   207        SH:  9    Dex:  9    Spells: 6/6 levels left

rFire    . . .     SeeInvis .   a - +0 flail
rCold    . . .     Gourm    .   c - +0 kite shield
rNeg     + . .     Faith    .   o - +0 chain mail
rPois    ∞         Spirit   .   (no helmet)
rElec    +         Reflect  .   (no cloak)
rCorr    .         Harm     .   q - +0 pair of gloves
MR       .....                  (no boots)
Stlth    ..........             k - amulet of magic regeneration
HPRegen  0.13/turn              (no ring)
MPRegen  0.35/turn              (no ring)

@: no status effects
A: negative energy resistance 1, electricity resistance, unbreathing,
petrification resistance, rot immunity, AC +4
a: no special abilities


You were on level 5 of the Dungeon.
You were not hungry.

You visited 1 branch of the dungeon, and saw 5 of its levels.

You collected 207 gold pieces.

Inventory:

Hand Weapons
 a - a +0 flail (weapon)
Missiles
 m - 4 atropa-tipped darts (quivered)
Armour
 b - a +0 scale mail
 c - a +0 kite shield (worn)
 o - a +0 chain mail (worn)
 q - a +0 pair of gloves (worn)
Jewellery
 k - an amulet of magic regeneration (around neck)
 u - a +4 ring of evasion {unknown}
Wands
 p - a wand of enslavement (11)
Scrolls
 g - 2 scrolls of amnesia
 i - a scroll of fear {unknown}
 j - a scroll of teleportation {unknown}
 l - 2 scrolls of magic mapping {unknown}
 n - a scroll of identify {unknown}
 t - 3 scrolls of remove curse {unknown}
Potions
 d - a potion of might
 e - a potion of mutation {unknown}
 h - 5 potions of curing
 r - 3 potions of heal wounds {unknown}
 s - a potion of cancellation {unknown}
Comestibles
 f - 6 rations


   Skills:
 - Level 3.2 Fighting
 + Level 8.8 Maces & Flails
 - Level 3.2 Armour
 - Level 3.2 Shields


You had 6 spell levels left.
You didn't know any spells.
Your spell library was empty.

Dungeon Overview and Level Annotations

Branches:
Dungeon (5/15)
 Temple: D:4-7

Altars:
Xom


Innate Abilities, Weirdness & Mutations

You are resistant to torment.
Your stone body is resilient. (AC +4)
You are immune to poison.
You resist negative energy. (rN+)
You are resistant to electric shocks. (rElec)
You can survive without breathing.
You are immune to petrification.
You are immune to rotting.


Message History

You block the ogre's attack. The adder bites you but does no damage.
The worker ant bites you but does no damage.
You closely miss the worker ant.
The worker ant is severely wounded.
The adder bites you but does no damage. The worker ant barely misses you.
The ogre hits you with a +0 giant spiked club.
The adder closely misses you.
You closely miss the worker ant.
The worker ant is severely wounded.
The worker ant bites you. You block the adder's attack.
You thump the worker ant!
You kill the worker ant!
The ogre hits you with a +0 giant spiked club.
The adder bites you but does no damage.
You sock the ogre!
The ogre is heavily wounded.
You block the adder's attack.
The ogre hits you with a +0 giant spiked club!!
Ouch! That really hurt!
You die...

..#...# ......####
#.......### .
#......... ..
#.......# # (..
#.......# .#...#
#....<..####....#
#.......#[.....###
###.......@O......
#...#...S.......
..................
###..###..#.......
#.. ...#.......
#... ....#.......
#.#....#.#.......
....#..#......


You could see an ogre and an adder.

Vanquished Creatures
  Grinder (D:4)
  Menkaure (D:4)
  An ice beast (D:2)
  An ogre (D:4)
  2 orc priests
  A jelly (D:5)
  2 worker ants
  4 adders
  2 oozes
  4 worms
  3 dart slugs
  2 leopard geckos (D:3)
  8 orcs
  12 bats
  2 giant cockroaches (D:1)
  5 goblins
  10 hobgoblins
  5 jackals
  A ball python (D:3)
  5 frilled lizards
  9 kobolds
  12 rats
93 creatures vanquished.

Notes
Turn   | Place    | Note
-------+----------+-------------------------------------------
     0 | D:1      | Delamore the Gargoyle Fighter began the quest for the Orb.
     0 | D:1      | Reached XP level 1. HP: 14/14 MP: 1/1
   116 | D:1      | Reached XP level 2. HP: 12/19 MP: 2/2
   255 | D:1      | Reached skill level 3 in Maces & Flails
   470 | D:1      | Reached XP level 3. HP: 23/23 MP: 3/3
   762 | D:2      | Noticed an ice beast
  1095 | D:2      | Reached skill level 4 in Maces & Flails
  1448 | D:3      | Reached XP level 4. HP: 28/28 MP: 4/4
  1885 | D:3      | Reached skill level 5 in Maces & Flails
  1885 | D:3      | Reached XP level 5. HP: 25/32 MP: 5/5
  2592 | D:2      | Found a shimmering altar of Xom.
  2659 | D:2      | Killed an ice beast
  2659 | D:2      | Reached skill level 6 in Maces & Flails
  2659 | D:2      | Reached XP level 6. HP: 37/37 MP: 6/6
  2872 | D:4      | Noticed Grinder
  2872 | D:4      | Paralysed by Grinder for 2 turns
  2908 | D:4      | Killed Grinder
  2908 | D:4      | Reached skill level 7 in Maces & Flails
  2908 | D:4      | Reached XP level 7. HP: 30/41 MP: 7/7
  3156 | D:4      | Noticed Menkaure
  3161 | D:4      | Killed Menkaure
  3161 | D:4      | Reached skill level 8 in Maces & Flails
  3659 | D:4      | HP: 1/41 [ogre/+0 giant club (19)]
  4363 | D:5      | Entered Level 5 of the Dungeon
  4380 | D:5      | Slain by an ogre

Illustrated notes

Levels and vault maps discovered:
D:1:      dpeg_arrival_rhombi, layout_rooms, serial_curves, eino_curves_03,
          eino_curves_01, minmay_misc_feat_five
D:2:      layout_rooms, nicolae_overflow_hidden_temple, minmay_pentomino_x4
D:3:      minmay_wonky_spiral, layout_loops_ring, palyth_stone_intersect,
          minmay_misc_feat_room
D:4:      layout_gridville, first_ration, uniq_grinder, uniq_menkaure
D:5:      layout_rooms, kennysheep_nub, minmay_tree_intersection, uniq_pikel,
          uniq_crazy_yiuf_cottage

Skill      XL: |  1  2  3  4  5  6  7 |
---------------+----------------------+-----
Maces & Flails | 3 4 5 6 7 8 |  8.8
Fighting       | |  3.2
Armour         | |  3.2
Shields        | |  3.2

Action                   |  1- 3 |  4- 6 |  7- 9 || total
-------------------------+-------+-------+-------++-------
Melee: Flail             |   175 |   178 |    53 ||   406
Throw: Dart              |       |       |     3 ||     3
Evoke: Wand              |       |     4 |       ||     4
  Use: Scroll            |     1 |       |       ||     1
 Stab: Paralysed         |       |     4 |       ||     4
  Eat: Chunk             |     1 |     6 |     1 ||     8
       Ration            |       |       |     1 ||     1
Armor: Scale mail        |   146 |   122 |    14 ||   282
       Chain mail        |       |       |    10 ||    10
Dodge: Dodged            |    85 |    90 |    20 ||   195
Block: Kite shield       |   132 |   118 |    30 ||   280
